 Dungeon Crawl Stone Soup version 0.29.1-1-gd02db69 (webtiles) character file.

Game seed: 921860362073092795

2 Oogah the Grave Robber (level 1, 0/13 HPs)
             Began as a Mummy Necromancer on Dec 16, 2022.
             Slain by a gnoll
             ... wielding a +0 club
              (5 damage)
             ... on level 1 of the Dungeon.
             The game lasted 00:02:41 (88 turns).

Oogah the Grave Robber (Mummy Necromancer)            Turns: 88, Time: 00:02:42

Health: 0/13       AC:  2    Str: 11    XL:     1   Next: 25%
Magic:  2/4        EV: 12    Int: 14    God:
Gold:   31         SH:  0    Dex: 12    Spells: 4/5 levels left

rFire   x . .      SeeInvis .   (no weapon)
rCold   + . .      Faith    .   (no shield)
rNeg    + + +      Spirit   .   a - +0 robe
rPois   ∞          Reflect  .   (no helmet)
rElec   .          Harm     .   (no cloak)
rCorr   .          Rampage  .   (no gloves)
Will    .....                   (no boots)
Stlth   ++........              (no amulet)
HPRegen 0.04/turn               (no ring)
MPRegen 0.09/turn               (no ring)

@: no status effects
A: cold resistance 1, negative energy resistance 3, torment resistance 2, heat
vulnerability 1, no potions
a: no special abilities


You were on level 1 of the Dungeon.
You visited 1 branch of the dungeon, and saw 1 of its levels.

You collected 31 gold pieces.

Inventory:

Armour
 a - a +0 robe (worn)


   Skills:
 - Level 1.5 Dodging
 - Level 1.5 Stealth
 - Level 2.6 Spellcasting
 + Level 4.1 Necromancy


You had 4 spell levels left.
You knew the following spells:

 Your Spells              Type           Power      Damage    Failure   Level
a - Necrotise             Necr           52%        1d6       4%          1

Your spell library contained the following spells:

 Spells                   Type           Power      Damage    Failure   Level
 Vampiric Draining        Necr           13%        2d6       12%         3
 Animate Dead             Necr           13%        N/A       38%         4
 Agony                    Necr           13%        N/A       75%         5


Dungeon Overview and Level Annotations

Branches:
Dungeon (1/15)

Altars:


Innate Abilities, Weirdness & Mutations

You are immune to poison.
Your flesh is cold resistant. (rC+)
You are immune to negative energy. (rN+++)
You are immune to unholy pain and torment.
You are vulnerable to heat. (rF-)
You do not drink.


Message History

It is a scroll of identify.
You don't have any unidentified items.
You aren't carrying any scrolls.
You open the door.
There is an open door here.
Why would you want to do that? Why would you want to do that?
There is an open door here.
You now have 31 gold pieces (gained 15).
A kobold comes into view. It is wielding a +0 club.
Aiming: Necrotise (safe; 4% risk of failure)
Press: ? - help, Q - select action Shift-Dir - straight line, f - you
Okay, then.
The kobold shouts!
Aiming: Necrotise (safe; 4% risk of failure)
Press: ? - help, Q - select action Shift-Dir - straight line, f - kobold
Aim: a kobold, wielding a +0 club and quivering stones (chance to affect: 83%)
The kobold writhes in agony.
You kill the kobold!
The dead are walking!
Magic restored.
A gnoll comes into view. It is wielding a +0 club.
Aiming: Necrotise (safe; 4% risk of failure)
Press: ? - help, Q - select action Shift-Dir - straight line, f - you
Okay, then.
Aiming: Necrotise (safe; 4% risk of failure)
Press: ? - help, Q - select action Shift-Dir - straight line, f - gnoll
Aim: a gnoll, wielding a +0 club (ally target, chance to affect: 76%)
The gnoll writhes in agony.
Your kobold skeleton hits the gnoll but does no damage.
The gnoll attacks as you move away! The gnoll hits you with a +0 club.
Your kobold skeleton hits the gnoll.
The gnoll misses you. The gnoll attacks as you move away!
The gnoll hits you with a +0 club.
Your kobold skeleton hits the gnoll but does no damage.
Aiming: Necrotise (safe; 4% risk of failure)
Press: ? - help, Q - select action Shift-Dir - straight line, f/p - gnoll
Aim: a gnoll, wielding a +0 club (lightly wounded, ally target, chance to affect: 76%)
The gnoll writhes in agony.
The gnoll hits you with a +0 club.
You die...

...##+##.# ..........
.........# . .........+
# .........# ##### #
.........###########'..#
# #..Z.#...#≈....##.###
####g#...#≈....#....#
#@#..##≈....#....#
#.#)..#≈≈≈≈≈#.....
#.....+######.....
###.#.# ##.####. #...#
#..###..
#.#######.###...
#...............
#..P~~~~~~~~P...
#..~~≈~~~~≈≈~...


You could see a gnoll (ally target) and a friendly kobold skeleton.

Vanquished Creatures
  An endoplasm (D:1)
  A kobold (D:1)
2 creatures vanquished.

Notes
Turn   | Place    | Note
-------+----------+-------------------------------------------
     0 | D:1      | Oogah the Mummy Necromancer began the quest for the Orb.
     0 | D:1      | Reached XP level 1. HP: 13/13 MP: 4/4
    88 | D:1      | Slain by a gnoll

Illustrated notes

Levels and vault maps discovered:
D:1:      giann_bridges, layout_basic, minivault_11,
          chequers_serial_rivers_room_a

Action                   || total
-------------------------++-------
 Cast: Necrotise         ||     5
  Use: Scroll            ||     1
Dodge: Dodged            ||     1
